McElhinney, lawful female human Archeologist - --- -.--- |..| .....| --..---.....| ... |..........-- ..... ---.........| -...... |...--......-- |.......^ ---.---|.......| ---....... ---- |...| -......--- |........ ------...----..-- .........-----....... |.....*...|...... ............)..---... |.)----...|.--.. -...........--- -- -.-- |.....- - .............| .).|----......| |.......---..-- .---|........- |.....-- ---- --G....... --.|.-- |.*...... ----- |-)....- |.@f... |<.--. ---- McElhinney the Field Worker Experience level: 5 Strength: 13 Dexterity: 9 Constitution: 15 Intelligence: 15 Wisdom: 18 Charisma: 7 Health: 0(38) Energy: 20(20) Def: 1 Gold: 1684 Moves: 4432 Dungeon seed: yDBR9mElKMG2p4DK Game ID: McElhinney_1528103434 Your Inventory: Coins $ - 1684 gold pieces Weapons a - a blessed +2 bullwhip (weapon in hand) J - 2 cursed -1 arrows M - a +0 dart (in quiver) Armor e - an uncursed +0 leather jacket (being worn) n - a blessed +0 fedora (being worn) z - an uncursed +0 pair of iron shoes I - a cursed +0 dwarvish iron helm Scrolls m - an uncursed scroll of create monster o - an uncursed scroll of identify w - an uncursed scroll of magic mapping x - an uncursed scroll of enchant weapon Potions l - an uncursed potion of blindness p - a blessed potion of monster detection C - an uncursed potion of gain energy Rings A - an uncursed ring of stealth Wands F - a wand of striking (0:0) Tools c - a +0 pick-axe d - a tinning kit (0:62) f - an uncursed sack g - an uncursed oil lamp (lit) (0:858) t - an uncursed mirror D - 4 uncursed wax candles (0:400) G - 2 uncursed tallow candles (0:200) L - a magic marker (0:71) Gems q - an uncursed touchstone r - an uncursed worthless piece of black glass y - 2 uncursed opals N - 3 uncursed rocks Y - 3 uncursed worthless pieces of red glass Spells and supernatural/magical abilities: Name Level Category Fail Memory s - slow monster 2 enchantment 84% 91% W - pray for help -- divine ? -- Your skills at the end: Fighting Skills Weapon Skills pick-axe [Basic] whip [Basic] Spellcasting Skills Final Attributes: You were piously aligned. You were stealthy. You were fast. You are dead. Vanquished creatures: a water nymph a fog cloud 3 gnome lords a gnomish wizard a kobold mummy a guardian naga hatchling 2 dwarves a homunculus 3 rothes 2 giant bats 3 dwarf zombies an iguana a hobbit 4 manes a large kobold 4 cave spiders a yellow mold 14 gnomes a gnome zombie a gecko 5 jackals 2 foxes a kobold 2 goblins 9 grid bugs a bat 6 lichens 4 newts 77 creatures vanquished. Voluntary challenges: You had been an atheist until turn 4313. You used a wielded weapon 88 times, starting on turn 2. You read items or engraved 8 times, starting on turn 1523. You never genocided any monsters. You never polymorphed an object. You never changed form. You used no wishes. You never split a pudding. You wrote Elbereth's name 3 times, starting on turn 3445. You violated your moral code, losing 13 points of alignment, starting on turn 3257. Dungeon overview: The Dungeons of Doom: levels 1 to 4 Level 1 a long staircase Level 2 a sink Level 3 a fountain Level 4 a sink stairs to The Gnomish Mines The Gnomish Mines: levels 5 to 6 Level 5 stairs to The Dungeons of Doom Level 6 <- You were here History has recorded: On T:1 you entered the Dungeons of Doom to retrieve the Amulet of Yendor! On T:568 you advanced to experience level 2. On T:763 you reached level 2 of The Dungeons of Doom. On T:774 you advanced to experience level 3. On T:1490 you reached level 3 of The Dungeons of Doom. On T:1999 you reached level 4 of The Dungeons of Doom. On T:2506 you reached level 1 of The Gnomish Mines. On T:2546 you advanced to experience level 4. On T:3249 you advanced to experience level 5. On T:4171 you reached level 2 of The Gnomish Mines. Score breakdown: Gold: 1684 (10975 points) Experience: 5 levels (11141 points) Exploration: 6 levels ( 12.00%) ( 9583 points) Discoveries: 6 items ( 2.02%) ( 4264 points) Valuables value: (no points given unless you survive) Artifact value: 0 ( 0 points) Variety of kills: 28 monsters ( 7.35%) ( 8132 points) Turncount: 4432 turns (-1176 points) Survival: died (score multiplied by 80%) Total score: 34335 Latest messages: Azog bites the gnome king. The gnome king thrusts his crude dagger. The gnome king hits! You feel more confident in your weapon skills. You hit the gnome king. The gnome king thrusts his crude dagger. The gnome king hits! The gnome king wields a crossbow! You have no ammunition readied! Never mind. You don't have that object. M - 2 darts (in quiver). The dart hits the gnome king. The gnome king shoots a crossbow bolt! You are hit by a crossbow bolt! The gnome king shoots 3 crossbow bolts! You are hit by the 1st crossbow bolt. You hear the howling of the CwnAnnwn... You are hit by the 2nd crossbow bolt! You die... Final status: Goodbye McElhinney the Archeologist, killed by a crossbow bolt... You died in The Gnomish Mines on dungeon level 6 with 34335 points, and 1684 pieces of gold, after 4432 moves. You were level 5 with a maximum of 38 hit points when you died.